 Dungeon Crawl Stone Soup version 0.20.1-1-g8b1a95d (webtiles) character file.

1592 polve the Carver (level 8, 0/39 HPs)
             Began as a Vine Stalker Fighter on July 26, 2017.
             Was a Follower of Uskayaw.
             Killed from afar by an orc wizard (3 damage)
             ... with a magic dart
             ... on level 6 of the Dungeon.
             The game lasted 00:07:42 (5172 turns).

polve the Carver (Vine Stalker Fighter)             Turns: 5172, Time: 00:07:43

Health: 0/39       AC: 13    Str: 19    XL:     8   Next: 93%
Magic:  0/9        EV:  4    Int:  8    God:    Uskayaw [*.....]
Gold:   261        SH:  9    Dex: 20    Spells: 7/7 levels left

rFire    . . .     SeeInvis .   a - +0 long sword
rCold    . . .     Gourm    .   s - +0 shield
rNeg     . . .     Faith    .   k - +0 chain mail
rPois    .         Spirit   +   C - +2 helmet
rElec    .         Reflect  .   (no cloak)
rCorr    .         Harm     .   m - +0 pair of gloves
MR       +....                  (no boots)
Stlth    ..........             (no amulet)
Regen    0.6/turn               e - +4 ring of dexterity
MPRegen  0.2/turn               (no ring)

@: no status effects
A: fangs 3, regeneration 1, magic shield, antimagic bite, no potion heal 3, rot
immunity
a: Stomp, Renounce Religion


You were on level 6 of the Dungeon.
You worshipped Uskayaw.
Uskayaw was noncommittal.
You were hungry.

You visited 2 branches of the dungeon, and saw 7 of its levels.

You collected 261 gold pieces.

Inventory:

Hand Weapons
 a - a +0 long sword (weapon)
Armour
 k - a +0 chain mail (worn)
 m - a +0 pair of gloves (worn)
 s - a +0 shield (worn)
 C - a +2 helmet (worn)
Jewellery
 e - a +4 ring of dexterity (left hand)
Wands
 o - a wand of acid (5/15)
Scrolls
 c - 3 scrolls of remove curse
 q - a scroll of noise {unknown}
 t - 2 scrolls of teleportation
 u - 3 scrolls of fear
 x - 2 scrolls of magic mapping {unknown}
 y - 3 scrolls of recharging
 A - a scroll of enchant weapon
 B - a scroll of amnesia
Potions
 b - a potion of haste {unknown}
 d - 3 potions of might
 h - 2 potions of mutation
 i - a potion of invisibility {unknown}
 j - 3 potions of curing
 n - 2 potions of flight
 p - a potion of brilliance {unknown}
 w - a potion of heal wounds {unknown}
Books
 z - a book of Maledictions

   Spells                             Type                      Level
   a - Corona                         Hexes                        1
   b - Ensorcelled Hibernation        Hexes/Ice                    2
   c - Confuse                        Hexes                        3
   d - Tukima's Dance                 Hexes                        3
   e - Dazzling Spray                 Conjuration/Hexes            3
Comestibles
 f - 4 bread rations
 g - 2 meat rations
 l - 2 fruits
 r - a royal jelly


   Skills:
 - Level 2.6 Fighting
 + Level 9.9 Long Blades
 - Level 2.4 Armour
 + Level 2.3 Stealth
 - Level 2.6 Shields
 + Level 0.6 Invocations
 + Level 0.6 Evocations


You had 7 spell levels left.
You didn't know any spells.

Dungeon Overview and Level Annotations

Branches:
Dungeon (6/15)             Temple (1/1) D:5

Altars:
Ashenzari
Cheibriados
Dithmenos
Elyvilon
Fedhas
Gozag
Hepliaklqana
Kikubaaqudgha
Makhleb
Nemelex Xobeh
Okawaru
Qazlal
Ru
Sif Muna
Trog
Uskayaw
Vehumet
Yredelemnul
Zin
The Shining One


Innate Abilities, Weirdness & Mutations

You have razor-sharp teeth.
Your natural rate of healing is unusually fast.
When hurt, damage is shared between your health and your magic reserves.
Your bite disrupts and absorbs the magic of your enemies.
Potions cannot restore your health.
You are immune to rotting.


Message History

The orc is heavily wounded.
The orc priest hits you but does no damage.
The orc warrior hits you with a halberd!
* * * LOW HITPOINT WARNING * * *
The orc hits you but does no damage.
You miss something. Your bite misses something.
You block the orc priest's attack. Something hits you but does no damage.
The orc warrior hits you with a halberd!
* * * LOW HITPOINT WARNING * * *
The orc hits you but does no damage. You block the orc warrior's attack.
The orc priest miscasts a cantrip.
The orc warrior barely misses you.
The orc priest invokes the aid of Beogh against you.
Beogh smites you!
* * * LOW HITPOINT WARNING * * *
You can no longer pass through a line of other dancers.
A magic dart appears from out of thin air!
The magic dart hits you!
You die...

#.....รท...#####
#........## #
#.......## # ##
#......<# #.
#........# #.##
#......... # ..#
#..........# ##
#(###........... ##.
#.##@...........###..
#....................
#....................
##o.o........
........
##...o...##...
........ #......###
#. ........ #..[..##
........ #.....#
#....... ##....#
#.......


You could see an orc warrior, an orc priest and an orc.

Vanquished Creatures
  An ice beast (D:6)
  A sky beast (D:5)
  3 ogres
  2 phantoms
  A bullfrog (D:6)
  A scorpion (D:4)
  2 howler monkeys
  3 crimson imps
  2 gnoll shamans
  An orc priest (D:3)
  A bullfrog skeleton (D:6)
  A jelly (D:5)
  3 orc wizards
  6 worker ants
  A killer bee zombie (D:6)
  2 hound zombies
  6 gnolls
  7 adders
  A shadow imp (D:3)
  A white imp (D:5)
  An adder zombie (D:5)
  An adder skeleton (D:6)
  3 worms
  4 dart slugs
  A leopard gecko (D:3)
  15 orcs
  3 giant cockroaches
  8 hobgoblins
  13 jackals
  A quokka (D:4)
  3 ball pythons
  4 bats
  8 frilled lizards
  13 goblins
  11 kobolds
  2 quokka skeletons (D:5)
  10 rats
147 creatures vanquished.

Vanquished Creatures (others)
  A shadow imp (D:5)
1 creature vanquished.

Grand Total: 148 creatures vanquished

Notes
Turn   | Place    | Note
-------+----------+-------------------------------------------
     0 | D:1      | polve the Vine Stalker Fighter began the quest for the Orb.
     0 | D:1      | Reached XP level 1. HP: 11/11 MP: 2/2
    57 | D:1      | Reached skill level 2 in Long Blades
   164 | D:1      | Reached XP level 2. HP: 16/16 MP: 3/3
   776 | D:2      | Reached skill level 3 in Long Blades
   787 | D:2      | Reached XP level 3. HP: 16/19 MP: 4/4
   855 | D:2      | Found a blossoming altar of Fedhas.
  1368 | D:2      | Gained mutation: Your natural rate of healing is unusually fast. [Vine Stalker growth]
  1368 | D:2      | Reached XP level 4. HP: 20/23 MP: 5/5
  1749 | D:3      | Found a white marble altar of Elyvilon.
  1756 | D:3      | Reached skill level 4 in Long Blades
  1856 | D:3      | Reached XP level 5. HP: 23/27 MP: 4/6
  1953 | D:3      | Reached skill level 5 in Long Blades
  2109 | D:3      | Found a snail-covered altar of Cheibriados.
  2109 | D:3      | Found a faded altar of an unknown god.
  2116 | D:3      | Found a faded altar of an unknown god.
  2118 | D:3      | Found a shattered altar of Ashenzari.
  2120 | D:3      | Found a radiant altar of Vehumet.
  2563 | D:4      | Reached XP level 6. HP: 31/32 MP: 7/7
  2658 | D:4      | Reached skill level 6 in Long Blades
  2784 | D:4      | Noticed a phantom
  2829 | D:4      | Killed a phantom
  2829 | D:4      | Reached XP level 7. HP: 30/35 MP: 8/8
  2886 | D:4      | Found an opulent altar of Gozag.
  2999 | D:4      | Reached skill level 7 in Long Blades
  3336 | D:5      | Entered Level 5 of the Dungeon
  3403 | D:5      | Reached skill level 8 in Long Blades
  3436 | D:5      | Found a staircase to the Ecumenical Temple.
  3483 | Temple   | Entered the Ecumenical Temple
  3630 | Temple   | Became a worshipper of Uskayaw the Reveler
  3693 | D:5      | Gained mutation: You have razor-sharp teeth. [Vine Stalker growth]
  3693 | D:5      | Reached XP level 8. HP: 39/39 MP: 9/9
  3693 | D:5      | Reached * piety under Uskayaw
  3719 | D:5      | Reached ** piety under Uskayaw
  3721 | D:5      | Reached *** piety under Uskayaw
  3735 | D:5      | Reached **** piety under Uskayaw
  4375 | D:5      | Reached skill level 9 in Long Blades
  4625 | D:6      | Found a burning altar of Makhleb.
  4906 | D:6      | Reached skill level 1 in Stealth
  5172 | D:6      | Killed from afar by an orc wizard

Skill      XL: |  1  2  3  4  5  6  7  8 |
---------------+-------------------------+-----
Long Blades    | 2 3 4 5 6 8 9 |  9.9
Stealth        | 2 |  2.3
Fighting       | |  2.6
Armour         | |  2.4
Shields        | |  2.6
Invocations    | |  0.6
Evocations     | |  0.6

Action                   |  1- 3 |  4- 6 |  7- 9 || total
-------------------------+-------+-------+-------++-------
Melee: Long sword        |    93 |   223 |   223 ||   539
       Bite              |    25 |    75 |    97 ||   197
  Use: Scroll            |       |       |    10 ||    10
 Stab: Paralysed         |       |       |     4 ||     4
  Eat: Chunk             |     1 |     6 |     7 ||    14
Armor: Scale mail        |     9 |       |       ||     9
       Chain mail        |    54 |   115 |   117 ||   286
Dodge: Dodged            |    16 |    29 |    29 ||    74
Block: Shield            |    55 |    90 |   105 ||   250
       Rpst.: Long sword |     5 |     7 |     4 ||    16
